[Event "*** SCC Grand Prix: Titled Tuesday Blitz"]
[Site "Chess.com"]
[Date "2020.08.11"]
[Round "10"]
[White "GlennTipton"]
[Black "Harsha_Bharathakoti"]
[Result "1/2-1/2"]
[WhiteElo "2447"]
[BlackElo "2807"]
[TimeControl "180+1"]
[EndTime "11:59:43 PDT"]
[Termination "Game drawn by agreement"]

1. e4 c5 2. Nc3 Nc6 3. f4 g6 4.
Nf3 Bg7 5. Bb5 Nd4 6. Bd3 e6 7.
Nxd4 cxd4 8. Nb5 Ne7 9. c3 dxc3 10. Nd6+ Kf8 11. dxc3 Qb6 12. e5 Nf5 13. Bxf5 gxf5 14. Qe2 Qc6 15. Be3 h5 16. O-O-O b5 17. Qxb5 Qxb5 18.
Nxb5 Bb7 19. Rxd7 Bc6 20. Rxa7 Rxa7 21. Nxa7 Bxg2 22. Bc5+ Kg8 23. Rg1 Bf3 24. Nc8 Kh7 25. Nd6 Bh6 26. Be3 Ra8 27. a3 Ra4 28. c4 Bf8 29. Ne8 Rxc4+ 30. Kd2 Bg4 31. Nf6+ Kh6 32. Rg3 h4 33. Nxg4+ fxg4 34. Rxg4 Be7 35. h3 Rc8 36. Bd4 Rd8 37. Ke3 Rb8 38. Kd3 Rb3+ 39. Bc3 Rb7 40. a4 Rd7+ 41. Kc2 Rc7 42. a5 Bb4 43. a6 Bxc3 44.
bxc3 Ra7 45. Rxh4+ Kg6 46. Rg4+ Kf5 47. Rg7 Kxf4 48. h4 Kxe5 49. h5 Rxa6 50. Rxf7 Ra2+ 51. Kd3 Rh2 52. Rh7 Rh3+ 53. Kc4 Kf5 54. Kb4 e5 55. c4 e4 56. c5 e3 57. Re7 Kf4 58. c6 Rxh5 59. c7 Rh8 60. Kc3 Rc8 61. Kd3 Kf5 62. Kd4 e2 63. Kd5 Rxc7 64. Rxe2 Rd7+ 65. Kc6 Rd1 66. Rf2+ Ke4 67. Rf7 Ke3 68. Kc5 Rc1+ 69. Kb4 Rd1 70. Kc3 Rc1+ 71. Kb2 Rc8 72. Re7+ Kd4 1/2-1/2

[Event "*** SCC Grand Prix: Titled Tuesday Blitz"]
[Site "Chess.com"]
[Date "2020.08.11"]
[Round "10"]
[White "kakarot_001"]
[Black "AlexTriapishko"]
[Result "1/2-1/2"]
[WhiteElo "2818"]
[BlackElo "2686"]
[TimeControl "180+1"]
[EndTime "12:01:26 PDT"]
[Termination "Game drawn by repetition"]

1. e4 c6 2. d4 d5 3. exd5 cxd5 4.
Bd3 Nf6 5. c3 Bg4 6. Qb3 Qc7 7.
h3 Bh5 8. Nd2 e6 9. Ngf3 Nc6 10.
O-O Bd6 11. Re1 O-O 12. Be2 Rab8 13. Qd1 b5 14. a3 a5 15. b4 a4 16. Nf1 Ne4 17. Bd2 Ne7 18. Rc1 Bf4 19. Bxf4 Qxf4 20. N1d2 Bxf3 21. Nxf3 Rfc8 22. Qd3 Nf5 23. Rf1 Nfd6 24.
g3 Qh6 25. Ne5 Nc4 26. Nxc4 Rxc4 27. Bf3 Nd2 28. Rfd1 Nxf3+ 29. Qxf3 Qxh3 30. Rd3 Rbc8 31. Re1 Qh6 32. Ree3 Qf6 33. Qd1 g6 34. f4 h5 35.
Kg2 Kg7 36. Qh1 Rh8 37. Qh4 Qxh4 38. gxh4 Kf6 39. Re5 Rhc8 40. Ree3 Ke7 41. Kf3 Kd6 42. Ke2 R4c7 43. Kd2 f6 44. Rg3 Rg8 45. Rde3 Rcg7 46. Rg2 g5 47. fxg5 fxg5 48. hxg5 Rxg5 49. Rge2 R8g6 50.
Rh3 Rg2 51. Rxh5 Rxe2+ 52. Kxe2 Rg2+ 53. Kd3 Ra2 54. Rh8 Rxa3 55. Rb8 Kc6 56. Rc8+ Kb7 57. Re8 Rb3 58. Kc2 Ra3 59. Kb2 Rb3+ 60. Kc2 Ra3 61.
Re7+ Kb6 62. Rxe6+ Kc7 63. Kb2 Rb3+ 64. Kc2 Ra3 65. Re5 Kd6 66. Re8 Ra2+ 67. Kd3 Rg2 68. Rd8+ Kc6 69. Ra8 Kb7 70. Ra5 Kb6 71. Ra8 Rg7 72. Rd8 Kc7 73. Ra8 Kb7 74. Rd8 a3 75. Kc2 Rg2+ 76. Kb1 a2+ 77. Ka1 Kc6 78. Rc8+ Kb6 79.
Rc5 Rc2 80. Rxd5 Rxc3 81. Kxa2 Rd3 82. Kb2 Kc6 83. Rc5+ Kd6 84. Rxb5 Rxd4 85. Kb3 Kc6 86. Ka4 Rd1 87. Rc5+ Kb6 88. Rc2 Ra1+ 89. Kb3 Kb5 90. Rc5+ Kb6 91. Rc3 Kb5 92. Rc5+ Kb6 93. Rf5 Rb1+ 94.
Kc3 Rc1+ 95. Kb2 Rg1 96. Rf3 Rg2+ 97. Kb3 Rg1 98. Rc3 Rb1+ 99. Kc4 Rg1 100. Rd3 Rg4+ 101. Rd4 Rxd4+ 102.
Kxd4 Kb5 103. Kc3 Kb6 104. Kc4 Kc6 105. b5+ Kb6 106.
Kb4 Kb7 107. Ka4 Kb6 108. Kb4 Kb7 109. Kc5 Kc7 110. b6+ Kb7 111. Kb5 Kb8 112. Ka6 Ka8 113. Ka5 Kb7 114. Kb5 Kb8 115. Kc5 Kb7 116. Kb5 1/2-1/2

[Event "*** SCC Grand Prix: Titled Tuesday Blitz"]
[Site "Chess.com"]
[Date "2020.08.11"]
[Round "10"]
[White "IMHansNiemann"]
[Black "Bulldog167"]
[Result "1/2-1/2"]
[WhiteElo "2913"]
[BlackElo "2746"]
[TimeControl "180+1"]
[EndTime "12:02:51 PDT"]
[Termination "Game drawn by 50-move rule"]

1. d4 Nf6 2. c4 c5 3. d5 e6 4. Nc3 exd5 5. cxd5 d6 6. Nf3 g6 7. Bf4 a6 8. a4 Bg7 9. h3 O-O 10. e3 Ne8 11. Be2 Nd7 12. O-O Qe7 13. Qc2 Rb8 14.
Nd2 Ne5 15. Bg3 f5 16. Rae1 Nc7 17. a5 b5 18. axb6 Rxb6 19. f4 Nf7 20. Bd3 Nb5 21. Nc4 Rb8 22. e4 Nd4 23. Qf2 fxe4 24. Nxe4 Qd8 25. Bh4 Qc7 26. Nf6+ Kh8 27. Ne8 Qb7 28.
Nxg7 Kxg7 29. Be7 Bf5 30. Nxd6 Nxd6 31. Bxd6 Bxd3 32. Re7+ Qxe7 33. Bxe7 Rxf4 34. Qxf4 Ne2+ 35. Kh2 Nxf4 36. Rxf4 Bf5 37. Bxc5 Rb5 38. b4 a5 39.
g4 Bd7 40. Bd4+ Kg8 41. bxa5 Rxa5 42. d6 Rd5 43. Bf6 Rxd6 44. Kg3 h6 45. h4 Rd3+ 46. Kf2 h5 47. gxh5 gxh5 48. Bg5 Bg4 49. Rf6 Kg7 50. Rb6 Rf3+ 51. Kg2 Ra3 52. Bf6+ Kf7 53.
Bg5 Kg7 54. Kf2 Rf3+ 55. Ke1 Rd3 56. Ra6 Rb3 57. Kd2 Kf7 58. Kc2 Rf3 59. Kd2 Rb3 60. Rf6+ Kg7 61. Rd6 Rh3 62. Kc2 Bf5+ 63. Kd2 Bg4 64.
Bf6+ Kg6 65. Bg5+ Kf5 66. Rd4 Ke5 67. Rf4 Rxh4 68. Rf8 Rh2+ 69. Ke3 Rh3+ 70. Kf2 Rb3 71. Kg2 Bh3+ 72. Kf2 Bg4 73. Kg2 Rb2+ 74. Kg3 Rb1 75. Bf4+ Ke6 76. Re8+ Kf5 77. Re5+ Kf6 78. Ra5 Rh1 79. Bg5+ Kg6 80. Kf4 Rf1+ 81. Kg3 Rf3+ 82. Kg2 Rb3 83. Bf4 Bf5 84. Bg3 Be4+ 85. Kh2 Rb2+ 86. Kh3 Bf5+ 87. Rxf5 Kxf5 88. Bh2 Rb4 89. Bc7 Rc4 90. Bd6 Kg5 91. Bb8 Rc3+ 92. Kh2 Kg4 93. Bd6 Rb3 94. Kg2 Rb2+ 95. Kh1 h4 96. Kg1 Rd2 97.
Bc7 Rc2 98. Bb8 Kf3 99. Bd6 Kg4 100. Kh1 Kh3 101. Kg1 Rc1+ 102. Kf2 Rc6 103. Be5 Re6 104. Bb8 Rg6 105. Bc7 Rg7 106. Bd6 Rg4 107. Be5 Re4 108. Bd6 Re6 109. Bc7 Kg4 110. Kg2 Re2+ 111. Kh1 Ra2 112. Kg1 Rc2 113. Bd6 Kf3 114. Kh1 Kf2 115. Kh2 Kf3+ 116. Kh3 Rc1 117. Kxh4 Rg1 118. Kh5 Ke4 119. Kh4 Kf5 120. Bb8 Rg6 121. Bc7 Rg7 122. Bb8 Rb7 123. Bd6 Rd7 124. Bb8 Rd4+ 125. Kg3 Rd3+ 126. Kf2 Ke4 127. Ke2 Rb3 128. Ba7 Rb2+ 129. Kd1 Kd3 130. Kc1 Rc2+ 131. Kb1 Rg2 132. Bb8 Kc3 133. Be5+ Kb3 134. Kc1 Re2 135. Bh8 Rg2 136. Bf6 Kc4 137. Kb1 Rf2 138. Bh8 Rg2 139. Kc1 Kd3 140. Kb1 Rc2 141. Bg7 Rc7 142. Bh8 Rb7+ 143. Kc1 Rb8 144. Bg7 Rg8 145. Bf6 Rg6 146. Bh8 Rb6 147. Bg7 Rb7 148. Bh8 Rh7 149. Bf6 Rh6 150. Bg7 Rh2 151. Bf6 Rc2+ 152. Kb1 Rf2 153. Bg7 Kc4 154. Kc1 Kb3 155. Kd1 Ra2 156. Bh8 Kc4 157. Kc1 Rh2 158. Bg7 Rh7 159. Bf6 Rh2 160. Bg7 Rg2 161. Bh8 Kd3 162. Kb1 Kd2 163. Kb2 Rg8 164. Be5 Re8 165. Bd6 Re6 166. Bb4+ Kd3 167. Bf8 1/2-1/2